[Event "POR-chT 1st Divison 2018"]
[Site "Maia"]
[Date "2018.07.16"]
[Round "1"]
[White "Padeiro, Jose Joao Tato"]
[Black "Vassallo Barroche, Mauricio"]
[Result "0-1"]
[ECO "E81"]
[WhiteElo "2284"]
[BlackElo "2386"]
[Annotator "ChessBase"]
[PlyCount "48"]
[EventDate "2018.07.16"]
[EventType "team-tourn"]
[EventCountry "POR"]
[SourceTitle "playchess.com"]
[Source "ChessBase"]
[SourceQuality "1"]
[TimeControl "5400+30"]

1. d4 Nf6 2. c4 g6 3. Nc3 Bg7 4. e4 d6 5. f3 O-O 6. Bg5 c5 7. d5 e6 8. Qd2 exd5 9. cxd5 a6 10. a4 Re8 11. Nge2 Nbd7 12. Ng3 Qa5 13. Ra3 h5 14. Be2 Nh7 15. Be3 h4 16. Nf1 Ne5 17. Bf2 Qd8 18. h3 f5 19. Nh2 g5 20. exf5 Nc4 21. Qd3 Nxa3 22. O-O c4 23. Qd2 Bxf5 24. Bd1 Nb1 0-1

[Event "POR-chT 1st Divison 2018"]
[Site "Maia"]
[Date "2018.07.16"]
[Round "1"]
[White "Ribeiro, Fernando"]
[Black "Espineira Gonzalez, Diego Adrian"]
[Result "0-1"]
[ECO "C00"]
[WhiteElo "2165"]
[BlackElo "2327"]
[Annotator "NA"]
[PlyCount "64"]
[EventDate "2018.07.16"]
[EventType "team-tourn"]
[EventCountry "POR"]
[SourceTitle "playchess.com"]
[Source "ChessBase"]
[SourceQuality "1"]
[TimeControl "5400+30"]

1. e4 e6 2. d3 d5 3. Nd2 Nf6 4. Ngf3 Nc6 5. g3 dxe4 6. dxe4 Bc5 7. Bg2 O-O 8. O-O e5 9. c3 a5 10. a4 b6 11. Qe2 Ba6 12. Nc4 Qe7 13. b3 {[%emt 0:04:25] C00: Französische Verteidigung (Seltene Züge)} (13. h3 Ne8 14. b3 Nd6 15. Nfd2 Qe6 16. Re1 f5 17. Ba3 f4 18. Bxc5 bxc5 19. Bf1 Kh8 20. g4 Nxc4 21. Nxc4 {½-½ (41) Pinter,G (2363)-Rendle,T (2400) England 2011}) 13... Qe6 14. Nfd2 Rfd8 15. h3 Rd7 16. Ra2 $146 ({Vorgänger:} 16. Re1 Rad8 17. Bf1 Rd3 18. Qxd3 Rxd3 19. Bxd3 Qxh3 20. Nf1 h5 {0-1 (41) Muhren,W-Sutmuller,J Helmondsee 2000}) 16... Rad8 17. Rc2 Ne8 18. Re1 Nd6 (18... Rd3 $17 19. Kh2 b5 20. axb5 Bxb5) 19. Bf1 f5 20. Qh5 g6 21. Qh4 Nf7 22. Nf3 Rd1 23. Rxd1 $19 ({White should try} 23. Rd2 $15 R8xd2 24. Bxd2 Rxe1 25. Bxe1) 23... Rxd1 24. Kg2 Qd7 25. Rd2 Rxd2 26. Bxd2 Be7 27. Ng5 h6 28. exf5 hxg5 29. Qe4 gxf5 30. Qc2 Bb7 31. f3 e4 32. f4 e3 0-1

[Event "POR-chT 1st Divison 2018"]
[Site "Maia"]
[Date "2018.07.16"]
[Round "1"]
[White "Galvao, Henrique"]
[Black "Lombaers, Peter"]
[Result "0-1"]
[ECO "B22"]
[WhiteElo "2161"]
[BlackElo "2361"]
[Annotator "NA"]
[PlyCount "66"]
[EventDate "2018.07.16"]
[EventType "team-tourn"]
[EventCountry "POR"]
[SourceTitle "playchess.com"]
[Source "ChessBase"]
[SourceQuality "1"]
[TimeControl "5400+30"]

1. e4 c5 2. c3 Nf6 3. e5 Nd5 4. d4 cxd4 5. Qxd4 e6 6. Nf3 Nc6 7. Qe4 d6 8. c4 Ndb4 {[%emt 0:04:27] B22: Sicilian: 2 c3} (8... Qa5+ 9. Bd2 Ndb4 10. Nc3 Nxe5 11. Be2 f5 12. Qb1 Qd8 13. O-O Nf7 14. Nd1 Nc6 15. Bc3 Nfe5 16. Ne3 {½-½ (54) Soltau,A (2618)-Van Oosterom,J (2725) ICCF corr 2003}) 9. exd6 Bxd6 10. Nc3 f5 11. Qb1 O-O 12. a3 Na6 13. Be2 e5 14. b4 $146 ({Predecessor:} 14. Qa2 Be7 15. O-O Nc7 16. Rd1 {0-1 (47) Barrenechea Bahamonde,G (2221)-Astasio Lopez,D (2397) Elgoibar 2013}) 14... e4 15. Ng5 Naxb4 16. c5 Be5 17. Qb3+ Kh8 18. axb4 Nd4 19. Qa2 Ne6 20. Bd2 Nxg5 21. Rc1 Be6 22. Qc2 Qf6 23. h4 Nf7 24. g3 Rad8 25. Nd1 $2 (25. Be3 {is a better chance.}) 25... f4 26. g4 $19 e3 27. Bc3 f3 28. Bd3 Bxc3+ 29. Qxc3 Ne5 30. Be4 e2 31. Ne3 Qf4 32. Bc2 Nxg4 33. Ba4 Nxe3 0-1

[Event "POR-chT 1st Divison 2018"]
[Site "Maia"]
[Date "2018.07.16"]
[Round "1"]
[White "Cruz, Jorge Filipe Egas"]
[Black "Novais, Carlos Joao Fernand"]
[Result "1-0"]
[ECO "C07"]
[WhiteElo "2159"]
[BlackElo "2121"]
[Annotator "NA"]
[PlyCount "95"]
[EventDate "2018.07.16"]
[EventType "team-tourn"]
[EventCountry "POR"]
[SourceTitle "playchess.com"]
[Source "ChessBase"]
[SourceQuality "1"]
[TimeControl "5400+30"]

1. e4 e6 2. d4 d5 3. Nd2 c5 4. exd5 Qxd5 5. dxc5 Nf6 {[%emt 0:03:43] C07: French Tarrasch: 3...c5, 4 Ngf3 and 4 exd5 Qxd5} (5... Bxc5 6. Ngf3 Nf6 7. Bc4 Qc6 8. Qe2 O-O 9. Nb3 Nbd7 10. Bf4 Bd6 11. Nbd4 Qb6 12. Bxd6 Qxd6 13. O-O-O Qf4+ 14. Kb1 Nb6 15. Bb3 {0-1 (28) Naiditsch,A (2705)-Le,Q (2737) Riadh 2017}) 6. Ngf3 Qxc5 7. Bd3 Nbd7 8. O-O Qc7 9. Re1 Be7 10. b3 O-O 11. Bb2 Nc5 $146 ({Predecessor:} 11... b6 12. Ne5 Nc5 13. Bf1 {½-½ (29) Stripunsky,A (2536)-Nyzhnyk,I (2612) Philadelphia 2017}) 12. Bc4 b6 13. Qe2 Bb7 14. Ne5 Nce4 15. Rad1 Bd6 16. Ng4 Rad8 17. Nxe4 Nxe4 18. Rd4 b5 19. Rxe4 Bxe4 20. Qxe4 Qc5 21. Bd3 Qh5 22. Qf3 Qh4 23. Re4 f5 24. Nf6+ Qxf6 25. Bxf6 fxe4 26. Qxe4 Rxf6 27. Qxh7+ Kf7 28. Qh5+ Kg8 29. Qxb5 Rdf8 30. f3 Rh6 31. h3 Bg3 32. Qg5 Bf4 33. Qc5 Rf7 34. Qc8+ Rf8 35. Qc5 Rf7 36. Bc4 Bc7 37. Kf1 Bb6 38. Qc8+ Kh7 39. Bd3+ g6 40. Qxe6 Rg7 41. c4 Rh5 42. b4 Bd4 43. Be4 Bc3 44. a3 Re5 45. Qd6 Kh6 $18 46. c5 Ree7 47. Qf4+ Kh7 48. Qh4+ 1-0

[Event "POR-chT 1st Divison 2018"]
[Site "Maia"]
[Date "2018.07.16"]
[Round "1"]
[White "Reis, Luis Sousa"]
[Black "Eggert, Alberto"]
[Result "0-1"]
[ECO "E38"]
[WhiteElo "2150"]
[BlackElo "2142"]
[Annotator "NA"]
[PlyCount "56"]
[EventDate "2018.07.16"]
[EventType "team-tourn"]
[EventCountry "POR"]
[SourceTitle "playchess.com"]
[Source "ChessBase"]
[SourceQuality "1"]
[TimeControl "5400+30"]

1. d4 Nf6 2. c4 e6 3. Nc3 Bb4 4. Qc2 c5 5. e3 Nc6 {[%emt 0:13:26] LiveBook: 11 Games} 6. Nf3 d5 7. a3 Bxc3+ {[%emt 0:14:02] E38: Nimzoindisch (4.Dc2)} 8. bxc3 O-O 9. Bb2 (9. a4 Re8 10. Be2 Bd7 11. O-O Rc8 12. cxd5 exd5 13. dxc5 Ne4 {½-½ (36) Mamedyarov,S (2799)-Vidit,S (2715) Riadh 2017}) 9... Re8 $146 ({Vorgänger:} 9... b6 10. cxd5 exd5 11. Bb5 {½-½ (11) Keresztes,R (2254)-Ilincic,Z (2443) Kecskemet 2013}) 10. Be2 dxc4 11. Bxc4 Na5 12. Be2 Bd7 13. O-O Rc8 14. Ne5 cxd4 15. exd4 Bc6 16. Nxc6 Nxc6 17. Qa4 Qa5 18. Bb5 Qxa4 19. Bxa4 Red8 20. Bxc6 Rxc6 21. a4 Ne4 22. Rfc1 Rdc8 23. Ra3 Nd2 24. f3 Rb6 25. Ba1 Kf8 26. Kf2 Ke7 27. Ke2 $17 Nb3 28. Rb1 Nxd4+ 0-1

[Event "POR-chT 1st Divison 2018"]
[Site "Maia"]
[Date "2018.07.16"]
[Round "1"]
[White "Dias, Ivo Rodrigues"]
[Black "Neves, Pedro Alexandre Mai"]
[Result "1-0"]
[ECO "B40"]
[WhiteElo "2138"]
[BlackElo "2236"]
[Annotator "NA"]
[PlyCount "67"]
[EventDate "2018.07.16"]
[EventType "team-tourn"]
[EventCountry "POR"]
[SourceTitle "playchess.com"]
[Source "ChessBase"]
[SourceQuality "1"]
[TimeControl "5400+30"]

1. e4 c5 2. Nf3 e6 3. b3 Nc6 4. Bb2 a6 5. g3 d6 {[%emt 0:07:10] B40: Sicilian: 2...e6, Unusual lines} (5... d5 6. exd5 exd5 7. Qe2+ Qe7 8. Qxe7+ Ngxe7 9. Bg2 Bf5 10. O-O O-O-O 11. Nc3 h6 12. Na4 Ng6 13. d4 Bxc2 {½-½ (29) Nisipeanu,L (2668)-Markus,R (2662) Ortisei 2016}) 6. Bg2 b5 7. O-O Bb7 8. d4 cxd4 9. Nxd4 Qc7 10. a4 bxa4 $146 ({Predecessor:} 10... Nxd4 11. Qxd4 Nf6 12. axb5 axb5 13. Nc3 Rxa1 14. Rxa1 {1-0 (24) Kovalevskaya,E (2350)-Dorofeeva,A (2275) Elista 1997}) 11. Rxa4 Nf6 12. Nc3 Nd7 ({Black should try} 12... Nxd4 $14 13. Qxd4 (13. Rxd4 Be7 $14) 13... Be7) 13. Nxc6 (13. Rc4 $16) 13... Bxc6 14. Ra2 Be7 15. Qe2 Bb7 16. Na4 O-O 17. Bd4 Qc6 18. c4 Bf6 19. Rd1 Bxd4 20. Rxd4 Nc5 21. Nxc5 dxc5 22. Rd3 Qb6 23. Qd1 Rad8 24. Rad2 Rxd3 25. Rxd3 h6 26. h4 Bc6 27. Rd6 Qb7 28. Qd3 a5 29. Qe3 Ra8 30. Qxc5 Rc8 31. Qxa5 Qxb3 32. Rxc6 Qd1+ $18 33. Kh2 Rxc6 34. Qa8+ 1-0

[Event "POR-chT 1st Divison 2018"]
[Site "Maia"]
[Date "2018.07.16"]
[Round "1"]
[White "Romano, Luis Miguel Pereira"]
[Black "Cavaleiro, Daniel Filipe Costa"]
[Result "1-0"]
[ECO "B07"]
[WhiteElo "2083"]
[BlackElo "1987"]
[Annotator "NA"]
[PlyCount "65"]
[EventDate "2018.07.16"]
[EventType "team-tourn"]
[EventCountry "POR"]
[SourceTitle "playchess.com"]
[Source "ChessBase"]
[SourceQuality "1"]
[TimeControl "5400+30"]

1. e4 g6 2. d4 d6 3. Nc3 Nf6 4. Be3 c6 5. f3 Bg7 6. Qd2 b5 7. g4 O-O 8. O-O-O b4 {[%emt 0:14:17] B07: Pirc Defence: Miscellaneous Systems} 9. Nce2 Qa5 10. Kb1 $1 {[%emt 0:01:06] LiveBook: 5 Games} Nbd7 (10... Be6 $14 11. Nc1 Nbd7) (10... c5 11. Bh6 Nc6 12. Bxg7 Kxg7 13. g5 Nd7 14. d5 Nce5 15. Nc1 Nb6 16. h4 {1-0 (33) Najer,E (2664)-Petrosian,T (2607) Moscow 2016 CBM 171 [Schulz,André]}) 11. Bh6 Nb6 12. Bxg7 Kxg7 13. a3 $146 ({Predecessor:} 13. Nc1 Ba6 14. Bxa6 Qxa6 15. Nge2 Nc4 16. Qd3 d5 17. e5 Nd7 18. Nb3 Ndb6 19. Nc5 {1-0 (45) Izquierdo,D (2148)-Cao,J (1984) Montevideo 2016}) 13... c5 14. Nc1 Na4 15. axb4 cxb4 16. Nb3 Qb6 17. g5 Nh5 18. Ne2 a5 19. Ng3 Bd7 20. Nxh5+ gxh5 $11 21. d5 Rfc8 22. f4 Bg4 23. Re1 Bf3 24. Bg2 Bxg2 25. Qxg2 Nxb2 26. Kxb2 a4 27. Nc1 Qd4+ 28. Kb1 a3 29. c3 bxc3 30. Qc2 a2+ 31. Ka1 Rab8 32. Nd3 Rb2 33. Nxb2 1-0

[Event "POR-chT 1st Divison 2018"]
[Site "Maia"]
[Date "2018.07.16"]
[Round "1"]
[White "Turcer, Dusan"]
[Black "Marchena Hurtado, Javier"]
[Result "1-0"]
[ECO "C24"]
[WhiteElo "2039"]
[BlackElo "2354"]
[Annotator "NA"]
[PlyCount "45"]
[EventDate "2018.07.16"]
[EventType "team-tourn"]
[EventCountry "POR"]
[SourceTitle "playchess.com"]
[Source "ChessBase"]
[SourceQuality "1"]
[TimeControl "5400+30"]

1. e4 e5 2. f4 exf4 3. Bc4 Nf6 4. Nc3 c6 5. Bb3 d5 6. exd5 cxd5 7. d4 Bd6 8. Nge2 {[%emt 0:07:59] C33: King's Gambit Accepted: 3 Nc3 and 3 Bc4} f3 9. gxf3 O-O 10. Bg5 Be6 11. Qd2 Be7 12. Rg1 (12. O-O-O Nc6 13. Nf4 Na5 14. Rhe1 Nxb3+ 15. axb3 h6 {1-0 (28) Ivanchuk,V (2731)-Giri,A (2734) Beijing 2013}) 12... Nc6 13. O-O-O Kh8 14. Kb1 $146 ({Predecessor:} 14. Nf4 Na5 15. Bxf6 Nxb3+ 16. axb3 Bxf6 {½-½ (57) Zill,C (2213)-Tueckmantel,R (2130) Dortmund 2017}) 14... Na5 15. Nf4 Nxb3 16. axb3 Rc8 17. Qg2 Rg8 18. Rde1 Rc6 19. Nxe6 fxe6 $16 20. Qh3 Qd7 21. Re5 Bd8 22. Bxf6 Bxf6 23. Qxh7+ 1-0

[Event "POR-chT 1st Divison 2018"]
[Site "Maia"]
[Date "2018.07.17"]
[Round "2"]
[White "Fernandes, Antonio"]
[Black "Cruz, Jorge Filipe Egas"]
[Result "1-0"]
[ECO "E08"]
[WhiteElo "2403"]
[BlackElo "2159"]
[Annotator "NA"]
[PlyCount "85"]
[EventDate "2018.07.16"]
[EventType "team-tourn"]
[EventCountry "POR"]
[SourceTitle "playchess.com"]
[Source "ChessBase"]
[SourceQuality "1"]
[TimeControl "5400+30"]

1. Nf3 d5 2. g3 Nf6 3. Bg2 e6 4. O-O Be7 5. d4 O-O 6. c4 Nbd7 7. Qc2 c6 8. b3 b6 9. Nc3 Ba6 10. Nd2 {[%emt 0:05:43] LiveBook: 15 Games} Rc8 11. e4 Qc7 $14 ({Besser ist} 11... b5 $11) 12. Re1 Bb7 13. Bb2 Rfd8 14. Rad1 Qb8 15. Qb1 Qa8 16. a3 Bf8 17. Nf1 c5 18. cxd5 exd5 19. e5 cxd4 20. Rxd4 Ne4 21. Nxe4 dxe4 22. Bxe4 Bxe4 23. Rdxe4 Nc5 24. R4e3 Qd5 25. b4 Ne6 26. h4 a5 27. Bc3 axb4 28. axb4 Rc4 29. Qb3 b5 30. R1e2 Nd4 31. Bxd4 Rxd4 32. Qxd5 R8xd5 33. e6 fxe6 34. Rxe6 Rxb4 35. Re8 Rb1 36. Kg2 Kf7 37. Rb8 Bc5 38. Rb7+ Kf6 39. Nd2 Rd1 40. Ne4+ Kg6 41. Nc3 R1d2 42. Nxd5 Rxd5 43. Rxb5 1-0

[Event "POR-chT 1st Divison 2018"]
[Site "Maia"]
[Date "2018.07.17"]
[Round "2"]
[White "Vassallo Barroche, Mauricio"]
[Black "Pereira, Ruben"]
[Result "0-1"]
[ECO "B50"]
[WhiteElo "2386"]
[BlackElo "2420"]
[Annotator "NA"]
[PlyCount "92"]
[EventDate "2018.07.16"]
[EventType "team-tourn"]
[EventCountry "POR"]
[SourceTitle "playchess.com"]
[Source "ChessBase"]
[SourceQuality "1"]
[TimeControl "5400+30"]

1. Nf3 c5 2. e4 d6 3. c3 Nf6 4. Be2 Nbd7 5. d3 e5 {[%emt 0:03:21] B50: Sizilianisch (Verschiedenes mit 2...d6)} (5... b6 6. O-O e6 7. Nbd2 Bb7 8. Re1 Be7 9. Bf1 e5 10. d4 cxd4 11. cxd4 exd4 12. Nxd4 O-O 13. b3 Re8 {½-½ (46) Ganguly,S (2668)-Salem,A (2656) Doha 2016}) 6. O-O {[%emt 0:00:51] LiveBook: 4 Games} Be7 7. Re1 O-O 8. Bf1 Re8 9. Nbd2 Bf8 $146 ({Vorgänger:} 9... Rb8 10. a4 b6 11. Nc4 Bf8 12. Ne3 Bb7 13. Qb3 {½-½ (73) Alavkin,A (2375)-Dubinsky,R (2295) Novgorod 1997}) 10. a4 b6 11. a5 b5 12. d4 a6 13. b3 exd4 14. cxd4 cxd4 15. Nxd4 Bb7 16. Bb2 Nxe4 17. Nf5 Qg5 18. Nxe4 Qxf5 19. Nxd6 Rxe1 $1 20. Nxf5 Rxd1 21. Rxd1 Nc5 22. b4 Na4 23. Be5 Bxb4 24. Rd7 Bc6 25. Rc7 Be4 26. Nxg7 Bxa5 27. Re7 Bb4 $17 (27... Kf8 $142 28. Bd6 Rd8 29. Rxe4+ Rxd6) 28. Rc7 Bg6 29. g4 Ba5 30. Re7 Bc3 31. Bxc3 Nxc3 32. Nf5 Bxf5 33. gxf5 Kg7 34. Rc7 Nd5 35. Rb7 Kf6 36. Rd7 Nf4 37. h3 h5 38. Kh2 h4 39. Rb7 Kxf5 40. Rxf7+ Ke4 41. Rb7 Kf3 42. Rf7 Rg8 43. Rf6 Rg6 44. Rf7 b4 45. Kh1 a5 46. Bc4 Rd6 0-1

[Event "POR-chT 1st Divison 2018"]
[Site "Maia"]
[Date "2018.07.17"]
[Round "2"]
[White "Sousa, Andre Ventura"]
[Black "Lombaers, Peter"]
[Result "0-1"]
[ECO "B48"]
[WhiteElo "2373"]
[BlackElo "2361"]
[Annotator "NA"]
[PlyCount "82"]
[EventDate "2018.07.16"]
[EventType "team-tourn"]
[EventCountry "POR"]
[SourceTitle "playchess.com"]
[Source "ChessBase"]
[SourceQuality "1"]
[TimeControl "5400+30"]

1. e4 c5 2. Nf3 e6 3. d4 cxd4 4. Nxd4 Nc6 5. Nc3 Qc7 6. Be3 a6 7. Qf3 d6 8. O-O-O Bd7 9. Qg3 Nf6 10. Nxc6 Bxc6 11. f3 b5 12. Kb1 Rc8 13. a3 Qb7 14. Na2 a5 15. Bd2 Ra8 16. Qe1 Qb6 17. Qe3 Qb7 $11 18. Qe1 Qb6 19. Qe3 Qb8 20. g4 Nd7 21. Qe1 Ne5 22. Bxa5 Nxf3 23. Qc3 Ne5 24. Bd3 Be7 25. Rhg1 O-O 26. Bb4 Rc8 27. Qb3 Qb7 28. Bc3 Nxd3 29. cxd3 d5 30. Nb4 dxe4 31. dxe4 Bxe4+ 32. Ka1 Rc4 33. Rd2 Bxb4 34. Bxb4 Bd5 35. Rxd5 Qxd5 36. Bc3 b4 37. Rd1 Qc5 38. Bd2 bxa3 39. Ba5 Rc1+ 40. Ka2 Rxd1 41. Qxd1 Qxa5 0-1

[Event "POR-chT 1st Divison 2018"]
[Site "Maia"]
[Date "2018.07.17"]
[Round "2"]
[White "Espineira Gonzalez, Diego"]
[Black "Kaczur, Florian"]
[Result "0-1"]
[ECO "D30"]
[WhiteElo "2327"]
[BlackElo "2471"]
[Annotator "ChessBase"]
[PlyCount "136"]
[EventDate "2018.07.16"]
[EventType "team-tourn"]
[EventCountry "POR"]
[SourceTitle "playchess.com"]
[Source "ChessBase"]
[SourceQuality "1"]
[TimeControl "5400+30"]

1. d4 d5 2. c4 e6 3. Nf3 Nf6 4. cxd5 exd5 5. Bg5 c6 6. Nc3 Nbd7 7. e3 h6 8. Bf4 g5 9. Bg3 Nh5 10. Be5 Nxe5 11. Nxe5 Nf6 12. Be2 Nd7 13. f4 gxf4 14. exf4 Nxe5 15. fxe5 Qg5 16. O-O Rg8 17. Bf3 Be6 18. Kh1 O-O-O 19. a3 Kb8 20. Qe2 Qh4 21. Qf2 Qg5 22. Qe2 h5 23. b4 Qh4 24. Qf2 Qxf2 25. Rxf2 Rh8 26. b5 c5 27. dxc5 Bxc5 28. Rd2 Be3 29. Rdd1 d4 30. Ne4 Rd5 31. Nd6 Rxe5 32. Nxb7 Rxb5 33. Rab1 Rb6 34. Nc5 Bf5 35. Rb4 Rxb4 36. axb4 h4 37. Ra1 d3 38. Ra5 Bxc5 39. Rxc5 Be6 40. Kg1 d2 41. Bd1 Rd8 42. Kf2 Rd4 43. Ke3 Rxb4 44. Kxd2 Rd4+ 45. Kc1 Kb7 46. Bf3+ Kb6 47. Rh5 a5 48. Kb2 Rb4+ 49. Kc3 Rc4+ 50. Kb2 Rf4 51. h3 Bd7 52. Rh7 Kc5 53. Rh8 a4 54. Ka3 Bxh3 55. gxh3 Rxf3+ 56. Kxa4 Rxh3 57. Rh7 f5 58. Rh5 Rf3 59. Rxh4 f4 60. Rh5+ Kd4 61. Kb4 Rf1 62. Kb3 Rc1 63. Kb2 Rc8 64. Rf5 Ke4 65. Rf7 f3 66. Rf6 Ke3 67. Rf7 f2 68. Rf6 Re8 0-1

[Event "POR-chT 1st Divison 2018"]
[Site "Maia"]
[Date "2018.07.17"]
[Round "2"]
[White "Eggert, Alberto"]
[Black "Ribeiro, Fernando"]
[Result "*"]
[WhiteElo "2142"]
[BlackElo "2165"]
[Annotator "NA"]
[PlyCount "69"]
[EventDate "2018.07.16"]
[EventType "team-tourn"]
[EventCountry "POR"]
[SourceTitle "playchess.com"]
[Source "ChessBase"]
[SourceQuality "1"]
[TimeControl "5400+30"]

1. d4 Nf6 2. Nf3 g6 3. c4 Bg7 4. Nc3 O-O 5. Bg5 h6 6. Bf4 d6 7. h3 Nbd7 8. g4 c5 9. d5 a6 10. a4 Qa5 11. Bd2 Qc7 12. Qc1 h5 13. g5 Nh7 14. e4 Re8 15. Be2 b6 16. Nh4 Ndf8 17. f4 e6 18. Qc2 Bb7 19. O-O Bd4+ 20. Kh2 Rab8 21. Bd3 e5 22. f5 Bxc3 23. bxc3 Bc8 24. Be2 Bd7 25. Qd1 Rec8 26. Bxh5 Be8 27. Bg4 Rd8 28. f6 Bd7 29. Qe1 Bxg4 30. hxg4 Qd7 31. Qg3 b5 32. axb5 axb5 33. Qh3 Qe8 34. Nf5 gxf5 35. Qh6 *

[Event "POR-chT 1st Divison 2018"]
[Site "Maia"]
[Date "2018.07.17"]
[Round "2"]
[White "Dias, Ivo Rodrigues"]
[Black "Galvao, Henrique"]
[Result "1-0"]
[ECO "C40"]
[WhiteElo "2138"]
[BlackElo "2161"]
[Annotator "NA"]
[PlyCount "117"]
[EventDate "2018.07.16"]
[EventType "team-tourn"]
[EventCountry "POR"]
[SourceTitle "playchess.com"]
[Source "ChessBase"]
[SourceQuality "1"]
[TimeControl "5400+30"]

1. e4 e5 2. Nf3 d5 3. exd5 e4 4. Qe2 Nf6 5. d3 Qxd5 6. Nbd2 {[%emt 0:00:18] LiveBook: 4 Games} Be7 7. dxe4 Qa5 8. Qb5+ Qxb5 9. Bxb5+ c6 10. Bc4 Nbd7 11. O-O b5 12. Bb3 Nc5 13. Re1 O-O 14. e5 $16 Nxb3 15. Nxb3 Nd5 16. c3 h6 17. Nbd4 Bd7 18. e6 fxe6 19. Ne5 Be8 20. Nxe6 Rf6 21. Nd3 Bf7 22. Nec5 Bg6 23. Be3 Nxe3 24. Rxe3 Bxc5 25. Nxc5 Rd8 26. Nb3 a5 27. Re2 a4 28. Nd4 Kh7 29. Rae1 b4 30. Ne6 Rd6 31. cxb4 Bd3 32. Re3 Bc4 33. Nc5 Rd4 34. a3 Bd5 35. f3 Rg6 36. Kf2 Bc4 37. Ne4 Bd5 38. h4 Rc4 39. Rc3 Rd4 40. Ke3 Rc4 41. Rxc4 Bxc4 42. Rc1 Bd5 43. Rc2 Re6 44. Kd4 Kg6 45. Nc3 Bb3 46. Re2 Rf6 47. Kc5 Kh5 48. Ne4 Rf5+ 49. Kxc6 Kxh4 50. Re1 Bd5+ 51. Kd6 Bxe4 52. Rxe4+ Kg3 53. Rg4+ Kf2 54. Rxg7 Ke3 55. Kc6 Kd3 56. b5 Kc2 57. b6 Kxb2 58. b7 Rf8 59. Kc7 1-0

[Event "POR-chT 1st Divison 2018"]
[Site "Maia"]
[Date "2018.07.17"]
[Round "2"]
[White "Romano, Luis Miguel Pereira"]
[Black "Turcer, Dusan"]
[Result "1-0"]
[ECO "B33"]
[WhiteElo "2083"]
[BlackElo "2039"]
[Annotator "NA"]
[PlyCount "81"]
[EventDate "2018.07.16"]
[EventType "team-tourn"]
[EventCountry "POR"]
[SourceTitle "playchess.com"]
[Source "ChessBase"]
[SourceQuality "1"]
[TimeControl "5400+30"]

1. e4 c5 2. Nf3 Nc6 3. d4 cxd4 4. Nxd4 Nf6 5. Nc3 e5 6. Ndb5 d6 7. Bg5 a6 8. Na3 b5 9. Nd5 Be7 10. Bxf6 Bxf6 11. c3 Bg5 12. Nc2 O-O 13. a4 bxa4 14. Rxa4 a5 15. Bc4 Rb8 16. Ra2 Kh8 17. h4 {[%emt 0:07:14] B33: Sicilian: Pelikan and Sveshnikov Variations} Bh6 18. Nce3 Bxe3 19. Nxe3 {[%emt 0:01:20] LiveBook: 3 Games [#]} Be6 $16 ({Predecessor:} 19... Ne7 $11 {remains equal.} 20. b3 f5 21. exf5 Nxf5 22. Nxf5 Bxf5 23. Rd2 Rb6 24. Qe2 Qe7 {½-½ (47) Naumann,A (2532)-Jakovenko,D (2662) playchess.com INT 2006}) 20. g3 Ne7 21. O-O Bh3 22. Re1 f5 23. exf5 Nxf5 24. Nxf5 Bxf5 25. b3 Qb6 26. Qd5 a4 27. bxa4 Rf6 28. Qd2 Rbf8 29. Qe3 Qa5 30. Rd1 Bg4 31. Rdd2 Bf3 32. Bf1 Qa8 33. a5 Rb8 34. Ra1 Bc6 35. a6 Rf3 36. Qg5 Rf6 37. a7 Rbf8 38. Rb2 h6 39. Qe3 Rf3 40. Qb6 Rxc3 41. Qc7 1-0

[Event "POR-chT 1st Divison 2018"]
[Site "Maia"]
[Date "2018.07.17"]
[Round "2"]
[White "Guerreiro, Nuno"]
[Black "Novais, Carlos Joao Fernand"]
[Result "1-0"]
[ECO "A05"]
[WhiteElo "2050"]
[BlackElo "2121"]
[Annotator "NA"]
[PlyCount "65"]
[EventDate "2018.07.16"]
[EventType "team-tourn"]
[EventCountry "POR"]
[SourceTitle "playchess.com"]
[Source "ChessBase"]
[SourceQuality "1"]
[TimeControl "5400+30"]

1. Nf3 Nf6 2. g3 d5 3. Bg2 e6 4. O-O Be7 5. c4 O-O 6. b3 c5 7. d3 {[%emt 0:02:31] LiveBook: 34 Games} Nc6 8. Bb2 Qc7 9. Nbd2 Rd8 10. cxd5 exd5 11. d4 cxd4 12. Nxd4 Qb6 13. N2f3 Ne4 14. Rc1 Bc5 15. e3 $14 Bg4 16. Qc2 Nb4 17. Qb1 Bxf3 18. Nxf3 Bxe3 19. fxe3 Qxe3+ 20. Kh1 Nd3 21. Bd4 Nef2+ 22. Rxf2 Nxf2+ 23. Kg1 Nh3+ 24. Kf1 Qh6 25. Rd1 Rac8 26. Qb2 Re8 27. b4 g5 28. Ne5 Qf6+ 29. Nf3 Qh6 30. b5 g4 31. Nh4 Nf4 32. Qd2 Qe6 33. gxf4 1-0

[Event "POR-chT 1st Divison 2018"]
[Site "Maia"]
[Date "2018.07.17"]
[Round "2"]
[White "Cavaleiro, Daniel Filipe Costa"]
[Black "Reis, Luis Sousa"]
[Result "0-1"]
[ECO "D02"]
[WhiteElo "1987"]
[BlackElo "2150"]
[Annotator "NA"]
[PlyCount "104"]
[EventDate "2018.07.16"]
[EventType "team-tourn"]
[EventCountry "POR"]
[SourceTitle "playchess.com"]
[Source "ChessBase"]
[SourceQuality "1"]
[TimeControl "5400+30"]

1. d4 d5 2. Nf3 c5 3. e3 Nf6 4. Be2 Nc6 5. O-O Bg4 6. c3 e6 $11 7. Nbd2 Qc7 8. b3 cxd4 9. exd4 Bd6 10. Bb2 O-O 11. Re1 Rab8 12. a4 a6 13. Nf1 Ne4 14. N3d2 Bf5 15. Nxe4 Bxe4 16. b4 a5 17. b5 Ne7 18. Bd3 Bxd3 19. Qxd3 Nc8 20. g3 Nb6 21. Ne3 Rbc8 22. Kg2 Rfd8 23. f4 Nc4 24. Nxc4 Qxc4 25. Qxc4 Rxc4 26. Kf3 Rdc8 27. Re3 g6 28. h3 h5 29. g4 hxg4+ 30. hxg4 Kg7 31. f5 exf5 32. gxf5 gxf5 33. Ke2 Kf6 34. Kd3 Rg8 35. Rh1 f4 36. Rh6+ Rg6 37. Reh3 Rxa4 38. R3h5 Rxh6 39. Rxh6+ Ke7 40. Bc1 Ra2 41. Rh4 Rf2 42. Rh5 Ke6 43. Rh6+ f6 44. Rh7 Be7 45. Rh4 a4 46. Bxf4 a3 47. Be3 Rb2 48. Rh1 Rxb5 49. Ra1 Ra5 50. c4 dxc4+ 51. Kxc4 b5+ 52. Kb3 Kd5 0-1

[Event "POR-chT 1st Divison 2018"]
[Site "Maia"]
[Date "2018.07.17"]
[Round "3"]
[White "Carneiro, Carlos"]
[Black "Gomes, Rui Pedro De Sousa"]
[Result "1-0"]
[ECO "D37"]
[WhiteElo "2094"]
[BlackElo "1750"]
[Annotator "NA RC"]
[PlyCount "79"]
[EventDate "2018.07.16"]
[EventType "team-tourn"]
[EventCountry "POR"]
[SourceTitle "playchess.com"]
[Source "ChessBase"]
[SourceQuality "1"]
[TimeControl "5400+30"]

1. d4 d5 2. Nf3 Nf6 3. c4 e6 4. Nc3 a6 5. cxd5 exd5 6. Bg5 {[%emt 0:00:23] D37: Queen's Gambit Declined: 5 Bf4} Be6 7. e3 Nbd7 8. Be2 (8. Bd3 Bd6 9. O-O O-O 10. Rc1 c6 11. Bf4 Bxf4 12. exf4 Bg4 13. Be2 Bxf3 14. Bxf3 {1-0 (122) Nakamura,H (2769)-Caruana,F (2816) Paris 2018}) 8... Bd6 9. O-O O-O 10. Rc1 c6 11. Na4 $146 ({Predecessor:} 11. Bh4 Re8 12. Qb3 Rb8 13. Qc2 Qc7 {0-1 (74) Renman,N (2350)-Adams,M (2709) Caleta 2018}) 11... Qc7 12. Bh4 Bf5 13. Bg3 Ne4 14. Nc5 Bxg3 15. hxg3 Ndxc5 16. dxc5 Qe7 17. Nd4 Bg6 18. b4 Rfe8 19. Bf3 Qg5 20. a4 h5 21. Qe2 h4 22. gxh4 Qxh4 23. Bxe4 Qxe4 24. Qf3 Qh4 25. Rc3 Re5 26. Qh3 Qe7 27. f4 Rh5 28. Qg4 Rh4 29. Qg3 Be4 30. f5 Qf6 31. Rf4 Rh5 32. Rc1 Rg5 33. Rg4 Rxg4 34. Qxg4 Re8 35. Rf1 Bd3 36. Rf3 Re4 37. Qg3 Qh6 38. f6 g6 (38... Rh4 $11 39. Qxg7+ Qxg7 40. fxg7 Rh6) 39. Nf5 Qh5 40. Qb8+ 1-0